Map: Tête de pont EC (Void)

Players

Stevius

  • Race: Zerg Zerg
  • League: Silver

lIIlllllIIll - Winner!

  • Race: Terran Terran
  • League: Silver

VOD

Have the link to the VOD?

Description

CC 1st (17CC)
18 gas
19 rax
20 gas
facto asap
@100 facto build armory, reactor on rax, 2nd factory
and let 1st factory build 2 tech lab
go for thors and +1 def

Time

  • Played on: Oct. 26, 2015, 8:23 a.m.
  • Length: 8:27
Show
View Real Time Build Order
Export as new Build Order

Stevius Zerg 

Build Orders: Hatch First 

Get SALT Encoding   

  12  0:01  Drone  
  13  0:13  Overlord  
  13  0:19  Drone  
  14  0:32  Drone x2  
  16  0:35  Drone  
  17  0:47  Drone  
  18  1:00  Hatchery  
  17  1:05  Drone  
  17  1:08  Extractor  
  17  1:19  Spawning Pool  
  17  1:20  Drone  
  17  1:21  Drone  
  18  1:30  Drone  
  19  1:44  Drone  
  20  1:52  Drone  
  21  1:55  Extractor  
  20  2:03  Drone  
  21  2:12  Overlord, Queen  
  21  2:13  Queen  
  21  2:15  Overlord  
  25  2:23  Drone  
  26  2:40  Drone  
  26  2:44  Drone x2  
  29  2:46  Overlord  
  29  2:47  Overlord  
  29  2:49  Queen  
  31  2:58  Queen  
  33  3:17  Drone x2, Baneling Nest  
  33  3:18  Drone  
  35  3:26  Drone x4  
  39  3:35  Lair  
  39  3:47  Evolution Chamber  
  38  3:50  Drone  
  38  3:51  Evolution Chamber, Drone  
  38  3:53  Drone  
  40  4:04  Drone x5  
  45  4:18  Zerg Ground Armor Level 1  
  45  4:20  Metabolic Boost, Zerg Melee Weapons Level 1  
  45  4:34  Drone x6  
  45  4:37  Extractor  
  45  4:38  Extractor  
  49  4:46  Infestation Pit  
  48  4:57  Zergling x2  
  48  4:58  Zergling x8  
  53  5:03  Hatchery  
  52  5:07  Overseer  
  52  5:18  Drone x3  
  52  5:20  Overlord x2  
  56  5:21  Zergling x2  
  56  5:22  Zergling x8  
  60  5:30  Hive  
  60  5:38  Queen  
  60  5:40  Overlord  
  62  6:13  Queen  
  64  6:20  Zergling x2  
  64  6:21  Zergling x12  
  64  6:22  Zergling x10  
  76  6:30  Baneling  
  76  6:31  Baneling x9  
  76  6:32  Baneling x5  
  76  6:33  Overlord x3  
  76  6:47  Ultralisk Cavern  
  76  6:50  Overseer  
  75  6:54  Zergling x2  
  75  6:55  Zergling x16  
  75  6:56  Zergling x2  
  66  7:12  Zergling x2  
  66  7:13  Zergling x10  
  62  7:35  Ultralisk x2  
Show
View Real Time Build Order
Export as new Build Order

lIIlllllIIll Terran - Winner!

Build Orders: Command Center First (CC) 

Get SALT Encoding   

  12  0:01  SCV  
  13  0:13  SCV  
  14  0:18  Supply Depot  
  14  0:25  SCV  
  15  0:39  SCV  
  16  0:52  SCV  
  17  1:00  Command Center  
  17  1:04  SCV  
  18  1:09  Refinery  
  18  1:16  SCV  
  19  1:23  Barracks  
  19  1:28  SCV  
  20  1:40  SCV  
  21  1:51  Refinery  
  21  1:52  SCV  
  22  2:04  SCV  
  23  2:11  Factory  
  23  2:15  Orbital Command  
  23  2:16  Orbital Command  
  23  2:30  Marine  
  24  2:40  Refinery  
  24  2:44  Supply Depot  
  24  2:47  SCV x2  
  26  2:59  Armory  
  26  3:02  Factory  
  26  3:04  Barracks Reactor  
  26  3:16  SCV x2, Factory Tech Lab  
  28  3:26  Bunker  
  28  3:28  SCV x2  
  30  3:40  SCV  
  31  3:43  Marine x2  
  31  3:46  SCV  
  34  3:52  SCV  
  34  3:54  Factory Tech Lab  
  35  4:01  Thor  
  41  4:03  Terran Vehicle And Ship Armor Level 1  
  41  4:06  Factory Tech Lab, Supply Depot  
  41  4:07  Marine  
  41  4:08  Marine  
  43  4:12  SCV x2  
  45  4:18  Supply Depot  
  45  4:21  Supply Depot  
  45  4:25  Marine  
  45  4:27  Marine  
  45  4:29  Thor  
  53  4:38  SCV  
  54  4:40  SCV  
  54  4:43  Marine  
  54  4:45  Marine  
  56  4:47  Supply Depot  
  56  4:49  Thor  
  56  4:52  SCV  
  64  4:57  SCV  
  65  5:04  SCV, Supply Depot  
  65  5:06  Marine x2  
  68  5:14  Thor  
  68  5:19  SCV x2  
  76  5:23  Marine  
  76  5:24  Marine  
  78  5:32  Thor  
  78  5:33  SCV x2  
  86  5:36  Supply Depot x2  
  86  5:57  SCV x2, Marine x2  
  86  5:59  Supply Depot  
  90  6:09  SCV x2  
  90  6:10  Thor  
  98  6:15  Marine x2  
  100  6:33  Marine x2  
  102  6:40  SCV x2  
  102  6:41  Hellbat  
  106  6:49  Supply Depot  
  106  6:50  Factory, Marine x2  
  107  7:02  Thor  
  98  7:08  Marine  
  98  7:09  Marine  
  99  7:26  Marine  
  98  8:08  Starport  
  102  8:16  Barracks Reactor  
Tags
 
Add a new tag
Caveats
  • Supply blocks, unpowered buildings, or Contaminate may cause inaccurate times.
  • Supply counts are checked every 10 seconds.